SAN JOSE vs FLORIDA

Created - Thursday, December 14, 2017 at 11:24

Goals
1 2 3 OT1 SO T
SAN JOSE 1 0 1 0 1 3
FLORIDA 0 1 1 0 0 2
Shots
1 2 3 OT1 SO T
SAN JOSE 5 8 7 2 3 22
FLORIDA 11 8 11 2 3 32

1st period

1. SAN JOSE , Kevin Hayes 9 (Darren Helm 13, Martin Hanzal 10) at 11:31

Penalties :
Martin Marincin (FLA) for Hooking (Minor) at 4:57, Chris Kreider (SJ ) for Cross-checking (Minor) at 9:00, Kris Letang (FLA) for Hooking (Minor) at 11:48

2nd period

2. FLORIDA , Nicklas Backstrom 10 (Kris Letang 18, Patrik Laine 9) at 8:03

Penalties :
David Savard (SJ ) for Holding Stick (Minor) at 4:36, Adam Henrique (FLA) for Hooking (Minor) at 8:24, Cedric Paquette (FLA) for Hooking (Minor) at 14:44

3rd period

3. FLORIDA , Blake Wheeler 15 (Patrik Laine 10, Nicklas Backstrom 12) at 8:21
4. SAN JOSE , Kevin Hayes 10 (Cody Franson 5, Darren Helm 14) at 18:23

Penalties :
Martin Hanzal (SJ ) for Roughing (Minor) at 4:13, Martin Hanzal (SJ ) for Slashing (Minor) at 15:24, Jordan Staal (SJ ) for Cross-checking (Minor) at 15:57

Overtime #1

No Goal

Penalties :
No Penalty

Shootout

Penalty Shot by Mike Fisher for SAN JOSE - Goal!
Penalty Shot by Patrik Laine for FLORIDA - Stopped by Jake Allen
Penalty Shot by Corey Perry for SAN JOSE - Shot Misses the Net
Penalty Shot by Kris Letang for FLORIDA - Shot Misses the Net
Penalty Shot by Martin Hanzal for SAN JOSE - Stopped by Craig Anderson
Penalty Shot by Johnathan Gaudreau for FLORIDA - Shot Misses the Net

Penalties :
No Penalty

Goalie Stats

Jake Allen (SJ ), 30 saves from 32 shots - (0.938), W, 12-10-4, 65:00 minutes
Craig Anderson (FLA), 20 saves from 22 shots - (0.909), OTL, 10-7-3, 65:00 minutes

Players Stats for SAN JOSE

Player Name              G  A  P  +/- PIM S  H  SB GA TA FO     MP     PP MP  PK MP  
------------------------------------------------------------------------------------
Alexei Emelin            0  0  0  -1  0   1  1  1  0  0  0/0    24:11   4:07   3:53 
Brandon Dubinsky         0  0  0   0  0   0  0  0  0  0  2/3     3:42   0:00   0:03 
Chris Kreider            0  0  0  -1  2   3  3  0  0  0  0/4    18:54   4:07   0:00 
Cody Ceci                0  0  0  -1  0   2  0  2  0  0  0/0    24:31   4:07   4:13 
Cody Franson             0  1  1   2  0   0  2  0  0  0  0/0    12:54   0:00   0:00 
Corey Perry              0  0  0  -1  0   3  0  0  0  0  1/1    26:45   4:07   4:16 
Darren Helm              0  2  2   2  0   1  0  0  0  0  0/0    19:02   3:49   0:46 
David Savard             0  0  0  -1  2   1  0  2  0  0  0/0    26:32   3:49   3:14 
Devante Smith-Pelly      0  0  0   0  0   0  0  0  0  0  0/0     3:39   0:00   0:00 
Jesper Fast              0  0  0  -1  0   1  0  2  0  0  1/4    13:35   0:00   2:54 
Jordan Staal             0  0  0  -1  2   2  0  0  0  0  9/14   14:21   0:00   2:14 
Jussi Jokinen            0  0  0  -1  0   1  0  1  0  0  0/0    10:41   0:00   0:00 
Keith Yandle             0  0  0  -1  0   0  1  0  0  0  0/0    27:55   3:49   4:36 
Kevin Hayes              2  0  2   2  0   3  1  0  0  0  1/2    18:16   3:49   0:00 
Kyle Quincey             0  0  0   2  0   0  2  2  0  0  0/0    13:56   0:00   1:02 
Lauri Korpikoski         0  0  0   0  0   0  0  0  0  0  0/0     3:39   0:00   0:00 
Martin Hanzal            0  1  1   2  4   2  1  0  0  0  10/23  20:34   3:49   0:54 
Mike Fisher              0  0  0  -1  0   2  2  0  0  0  18/33  26:53   4:07   4:24 

Players Stats for FLORIDA

Player Name              G  A  P  +/- PIM S  H  SB GA TA FO     MP     PP MP  PK MP  
------------------------------------------------------------------------------------
Adam Henrique            0  0  0   0  2   2  2  0  0  0  6/9    17:35   3:38   2:38 
Alec Martinez            0  0  0  -1  0   3  3  0  0  0  0/0    22:06   0:00   3:42 
Blake Wheeler            1  0  1   2  0   3  4  1  0  0  0/0    25:25   4:57   3:58 
Brandon Pirri            0  0  0  -2  0   0  0  0  0  0  1/1     7:57   0:44   0:00 
Brett Pesce              0  0  0  -1  0   2  1  1  0  0  0/0    22:06   0:00   3:42 
Cedric Paquette          0  0  0  -2  2   0  0  0  0  0  0/0     7:12   0:00   0:00 
Derek Stepan             0  0  0   0  0   2  0  0  0  0  1/3    16:10   4:22   1:20 
Duncan Keith             0  0  0   2  0   1  1  3  0  0  0/0    29:52   4:57   4:14 
Johnathan Gaudreau       0  0  0   0  0   1  0  0  0  0  2/2    14:45   3:25   0:00 
Kris Letang              0  1  1   2  2   2  2  0  0  0  0/0    27:24   3:32   3:12 
Kris Versteeg            0  0  0   0  0   0  0  0  0  0  0/0    11:10   0:42   0:00 
Linden Vey               0  0  0  -2  0   1  0  0  0  0  2/4     7:13   0:00   0:00 
Marian Hossa             0  0  0   0  0   4  0  0  0  0  1/1    14:19   2:59   0:00 
Martin Marincin          0  0  0  -1  2   0  2  2  0  0  0/0    10:31   0:00   1:02 
Nicklas Backstrom        1  1  2   2  0   7  1  0  0  0  15/36  25:43   4:07   3:58 
Patrik Laine             0  2  2   2  0   3  1  0  0  0  1/1    21:45   4:07   0:00 
Paul Stastny             0  0  0   0  0   1  2  1  0  0  13/27  20:44   4:22   3:58 
Trevor van Riemsdyk      0  0  0  -1  0   0  0  0  0  0  0/0    10:03   0:33   0:00 

3 Stars

1 - Kevin Hayes (SJ )
2 - Nicklas Backstrom (FLA)
3 - Blake Wheeler (FLA)

Power Play

SAN JOSE - 0 on 4 Attempt(s) - 0.00%
FLORIDA - 0 on 5 Attempt(s) - 0.00%

Penalty Kill

SAN JOSE - 5 on 5 Attempt(s) - 100.00% - Score 0 goal in Penalty Kill
FLORIDA - 4 on 4 Attempt(s) - 100.00% - Score 0 goal in Penalty Kill

Team Stat

SAN JOSE - Hits : 13 - Faceoff Wins : 42 - Blocked Shots : 10 - Penalty Minutes : 10
FLORIDA - Hits : 19 - Faceoff Wins : 42 - Blocked Shots : 8 - Penalty Minutes : 8

Official

Referees : Unknown
Linesman : Unknown

Game Notes

No Game Note

Finance

Level 1 -- Attendance: 5819 (96.98%) -- Ticket Income $465,520
Level 2 -- Attendance: 4809 (96.18%) -- Ticket Income $240,450
Level 3 -- Attendance: 2000 (100.00%) -- Ticket Income $56,000
Level 4 -- Attendance: 3671 (91.78%) -- Ticket Income $55,065
Luxury Box -- Attendance: 1000 (100.00%) -- Ticket Income $150,000
Game was played at the BBT Center.
Total Attendance: 17299 (96.11%)
Total Ticket Income: $967,035
Total Income: $967,035

SAN JOSE

5 vs 5 Forward 
   Center                   Left Wing                Right Wing               Time % Phy DF OF 
 1 Mike Fisher              Chris Kreider            Corey Perry              35     1   2  2  
 2 Martin Hanzal            Kevin Hayes              Darren Helm              30     1   2  2  
 3 Jordan Staal             Jussi Jokinen            Jesper Fast              25     1   2  2  
 4 Brandon Dubinsky         Lauri Korpikoski         Devante Smith-Pelly      10     1   2  2  

5 vs 5 Defense 
   Defense                  Defense                                           Time % Phy DF OF 
 1 David Savard             Keith Yandle                                      35     1   2  2  
 2 Cody Ceci                Alexei Emelin                                     30     1   2  2  
 3 Cody Franson             Kyle Quincey                                      25     1   2  2  
 4 David Savard             Keith Yandle                                      10     1   2  2  

PowerPlay Forward 
   Center                   Left Wing                Right Wing               Time % Phy DF OF 
 1 Mike Fisher              Chris Kreider            Corey Perry              60     1   2  2  
 2 Martin Hanzal            Kevin Hayes              Darren Helm              40     1   2  2  

PowerPlay Defense
   Defense                  Defense                                           Time % Phy DF OF 
 1 David Savard             Keith Yandle                                      60     1   2  2  
 2 Cody Ceci                Alexei Emelin                                     40     1   2  2  

Penalty Kill 4 Players Forward 
   Center                   Wing                     Time % Phy DF OF 
 1 Mike Fisher              Corey Perry              60     1   2  2  
 2 Martin Hanzal            Jordan Staal             40     1   2  2  

Penalty Kill 4 Players Defense
   Defense                  Defense                  Time % Phy DF OF 
 1 David Savard             Keith Yandle             60     1   2  2  
 2 Cody Ceci                Alexei Emelin            40     1   2  2  

Penalty Kill - 3 Players Forward 
   Forward                                           Time % Phy DF OF 
 1 Mike Fisher                                       60     1   2  2  
 2 Corey Perry                                       40     1   2  2  

Penalty Kill - 3 Players Defense
   Defense                  Defense                  Time % Phy DF OF 
 1 David Savard             Keith Yandle             60     1   2  2  
 2 Cody Ceci                Alexei Emelin            40     1   2  2  

4 vs 4 Forward 
   Center                   Wing                     Time % Phy DF OF 
 1 Mike Fisher              Corey Perry              60     1   2  2  
 2 Martin Hanzal            Jordan Staal             40     1   2  2  

4 vs 4 Defense
   Defense                  Defense                  Time % Phy DF OF 
 1 David Savard             Keith Yandle             60     1   2  2  
 2 Cody Ceci                Alexei Emelin            40     1   2  2  

Last Minutes Offensive
   Center                   Left Wing                Right Wing               Defense                  Defense                  
   Mike Fisher              Chris Kreider            Corey Perry              David Savard             Keith Yandle             

Last Minutes Defensive
   Center                   Left Wing                Right Wing               Defense                  Defense                  
   Mike Fisher              Chris Kreider            Corey Perry              David Savard             Keith Yandle             

Goaltenders
Starting : Jake Allen               
Backup : Jeff Zatkoff             

Extra Forwards
Normal : Brandon Dubinsky, Jussi Jokinen, Jesper Fast - PP : Brandon Dubinsky, Jussi Jokinen - PK : Jesper Fast
Extra Defensemen
Normal : Cody Franson, Kyle Quincey, Cody Ceci - PP : Cody Franson - PK : Kyle Quincey, Cody Ceci
Penalty Shots
Mike Fisher, Corey Perry, Martin Hanzal, Jordan Staal, Brandon Dubinsky

Scratches
SJ CAP HIT (Suspend), Ryan Button (Healthy)

FLORIDA

5 vs 5 Forward 
   Center                   Left Wing                Right Wing               Time % Phy DF OF 
 1 Nicklas Backstrom        Patrik Laine             Blake Wheeler            35     0   2  3  
 2 Adam Henrique            Johnathan Gaudreau       Marian Hossa             30     0   2  3  
 3 Paul Stastny             Kris Versteeg            Derek Stepan             27     0   2  3  
 4 Linden Vey               Brandon Pirri            Cedric Paquette          8      1   3  1  

5 vs 5 Defense 
   Defense                  Defense                                           Time % Phy DF OF 
 1 Duncan Keith             Kris Letang                                       45     0   2  3  
 2 Alec Martinez            Brett Pesce                                       35     0   2  3  
 3 Martin Marincin          Trevor van Riemsdyk                               15     0   3  2  
 4 Duncan Keith             Kris Letang                                       5      0   2  3  

PowerPlay Forward 
   Center                   Left Wing                Right Wing               Time % Phy DF OF 
 1 Nicklas Backstrom        Johnathan Gaudreau       Patrik Laine             60     0   1  4  
 2 Paul Stastny             Adam Henrique            Derek Stepan             40     0   1  4  

PowerPlay Defense
   Defense                  Defense                                           Time % Phy DF OF 
 1 Duncan Keith             Blake Wheeler                                     60     0   1  4  
 2 Marian Hossa             Kris Letang                                       40     0   1  4  

Penalty Kill 4 Players Forward 
   Center                   Wing                     Time % Phy DF OF 
 1 Paul Stastny             Blake Wheeler            50     0   4  1  
 2 Nicklas Backstrom        Adam Henrique            50     0   4  1  

Penalty Kill 4 Players Defense
   Defense                  Defense                  Time % Phy DF OF 
 1 Duncan Keith             Kris Letang              60     0   4  1  
 2 Alec Martinez            Brett Pesce              40     0   4  1  

Penalty Kill - 3 Players Forward 
   Forward                                           Time % Phy DF OF 
 1 Paul Stastny                                      50     0   4  1  
 2 Adam Henrique                                     50     0   4  1  

Penalty Kill - 3 Players Defense
   Defense                  Defense                  Time % Phy DF OF 
 1 Duncan Keith             Kris Letang              60     0   4  1  
 2 Alec Martinez            Brett Pesce              40     0   4  1  

4 vs 4 Forward 
   Center                   Wing                     Time % Phy DF OF 
 1 Nicklas Backstrom        Patrik Laine             55     0   2  3  
 2 Paul Stastny             Blake Wheeler            45     0   2  3  

4 vs 4 Defense
   Defense                  Defense                  Time % Phy DF OF 
 1 Duncan Keith             Kris Letang              55     0   3  2  
 2 Alec Martinez            Brett Pesce              45     0   3  2  

Last Minutes Offensive
   Center                   Left Wing                Right Wing               Defense                  Defense                  
   Nicklas Backstrom        Patrik Laine             Blake Wheeler            Duncan Keith             Kris Letang              

Last Minutes Defensive
   Center                   Left Wing                Right Wing               Defense                  Defense                  
   Paul Stastny             Adam Henrique            Blake Wheeler            Duncan Keith             Kris Letang              

Goaltenders
Starting : Craig Anderson           
Backup : James Reimer             

Extra Forwards
Normal : Kris Versteeg, Brandon Pirri, Linden Vey - PP : Kris Versteeg, Brandon Pirri - PK : Derek Stepan
Extra Defensemen
Normal : Martin Marincin, Trevor van Riemsdyk, Alec Martinez - PP : Alec Martinez - PK : Martin Marincin, Trevor van Riemsdyk
Penalty Shots
Patrik Laine, Kris Letang, Johnathan Gaudreau, Blake Wheeler, Nicklas Backstrom

Scratches
FLA Cap Hit (Healthy), Nikita Jevpalovs (Healthy)

% Time on Ice - SAN JOSE

Lines # - Real PCT - Wanted PCT - Time Play
Normal Forward
1 - 34% - 35% - 14:48
2 - 33% - 30% - 14:27
3 - 25% - 25% - 10:41
4 - 8% - 10% - 3:39
Normal Defense
1 - 34% - 35% - 14:51
2 - 33% - 30% - 14:29
3 - 30% - 25% - 12:54
4 - 3% - 10% - 1:21
PP Forward
1 - 52% - 60% - 4:07
2 - 48% - 40% - 3:49
PP Defense
1 - 48% - 60% - 3:49
2 - 52% - 40% - 4:07
PK Forward
1 - 68% - 60% - 4:48
2 - 32% - 40% - 2:15
PK Defense
1 - 58% - 60% - 4:06
2 - 42% - 40% - 2:57
PK3 Forward
1 - 84% - 60% - 1:12
2 - 16% - 40% - 0:14
PK3 Defense
1 - 35% - 60% - 0:30
2 - 65% - 40% - 0:56
44 Forward
1 - 71% - 60% - 3:34
2 - 29% - 40% - 1:26
44 Defense
1 - 66% - 60% - 3:18
2 - 34% - 40% - 1:42
Last Minute Offensive  - 0:00
Last Minute Defensive  - 0:00
Total
Forward - 65:00
Defense - 65:00

% Time on Ice - FLORIDA

Lines # - Real PCT - Wanted PCT - Time Play
Normal Forward
1 - 33% - 35% - 14:34
2 - 26% - 30% - 11:20
3 - 24% - 27% - 10:28
4 - 17% - 8% - 7:13
Normal Defense
1 - 41% - 45% - 17:43
2 - 38% - 35% - 16:25
3 - 22% - 15% - 9:27
4 - 0% - 5% - 0:00
PP Forward
1 - 49% - 60% - 4:07
2 - 51% - 40% - 4:22
PP Defense
1 - 58% - 60% - 4:57
2 - 42% - 40% - 3:32
PK Forward
1 - 50% - 50% - 3:58
2 - 50% - 50% - 3:58
PK Defense
1 - 53% - 60% - 4:14
2 - 47% - 40% - 3:42
PK3 Forward
1 - 0% - 50%
2 - 0% - 50%
PK3 Defense
1 - 0% - 60%
2 - 0% - 40%
44 Forward
1 - 61% - 55% - 3:04
2 - 39% - 45% - 1:56
44 Defense
1 - 59% - 55% - 2:58
2 - 41% - 45% - 2:02
Last Minute Offensive  - 0:00
Last Minute Defensive  - 0:00
Total
Forward - 65:00
Defense - 65:00

Play by Play

1st period


0:01 of 1st period - Mike Fisher wins face-off versus Nicklas Backstrom in neutral zone.
0:31 of 1st period - Shot by Keith Yandle.
0:31 of 1st period - Shot Misses the Net.
1:25 of 1st period - Shot by Adam Henrique.
1:25 of 1st period - Shot Blocked by Cody Ceci.
1:27 of 1st period - Shot by Adam Henrique.
1:27 of 1st period - Shot Misses the Net.
1:31 of 1st period - Shot by Adam Henrique.
1:31 of 1st period - Stopped by Jake Allen with a rebound.
1:33 of 1st period - Shot by Alec Martinez.
1:33 of 1st period - Shot Blocked by Alexei Emelin.
1:35 of 1st period - Shot by Alec Martinez.
1:35 of 1st period - Stopped by Jake Allen without a rebound.
1:36 of 1st period - Paul Stastny wins face-off versus Jesper Fast in SAN JOSE zone.
1:36 of 1st period - Paul Stastny is hit by Kyle Quincey.
1:38 of 1st period - Shot by Derek Stepan.
1:38 of 1st period - Stopped by Jake Allen without a rebound.
1:39 of 1st period - Jordan Staal wins face-off versus Paul Stastny in SAN JOSE zone.
2:06 of 1st period - Shot by Jussi Jokinen.
2:06 of 1st period - Deflect By Jesper Fast.
2:06 of 1st period - Shot Blocked by Paul Stastny.
2:57 of 1st period - Shot by Brandon Pirri.
2:57 of 1st period - Shot Blocked by Jussi Jokinen.
2:59 of 1st period - Shot by Brandon Pirri.
2:59 of 1st period - Shot Blocked by Kyle Quincey.
3:27 of 1st period - Shot by Corey Perry.
3:27 of 1st period - Shot Misses the Net.
3:44 of 1st period - Adam Henrique is hit by Chris Kreider and loses puck.
4:57 of 1st period - Minor Penalty to Martin Marincin for Hooking.
4:58 of 1st period - Paul Stastny wins face-off versus Martin Hanzal in FLORIDA zone.
5:56 of 1st period - Shot by Nicklas Backstrom.
5:56 of 1st period - Stopped by Jake Allen without a rebound.
5:57 of 1st period - Corey Perry wins face-off versus Nicklas Backstrom in SAN JOSE zone.
6:01 of 1st period - Chris Kreider is hit by Duncan Keith and loses puck.
6:35 of 1st period - Shot by Corey Perry.
6:35 of 1st period - Stopped by Craig Anderson without a rebound.
6:36 of 1st period - Mike Fisher wins face-off versus Paul Stastny in FLORIDA zone.
7:07 of 1st period - Shot by Cedric Paquette.
7:07 of 1st period - Shot Blocked by Kyle Quincey.
7:47 of 1st period - Shot by Patrik Laine.
7:47 of 1st period - Stopped by Jake Allen without a rebound.
7:48 of 1st period - Jordan Staal wins face-off versus Nicklas Backstrom in SAN JOSE zone.
7:53 of 1st period - Shot by Jordan Staal.
7:53 of 1st period - Shot Misses the Net.
8:32 of 1st period - Shot by Nicklas Backstrom.
8:32 of 1st period - Shot Blocked by David Savard.
9:00 of 1st period - Minor Penalty to Chris Kreider for Cross-checking.
9:01 of 1st period - Mike Fisher wins face-off versus Derek Stepan in SAN JOSE zone.
9:07 of 1st period - Icing by Derek Stepan.
9:08 of 1st period - Mike Fisher wins face-off versus Paul Stastny in FLORIDA zone.
10:01 of 1st period - Shot by Johnathan Gaudreau.
10:01 of 1st period - Deflect By Nicklas Backstrom.
10:01 of 1st period - Stopped by Jake Allen without a rebound.
10:02 of 1st period - Martin Hanzal wins face-off versus Nicklas Backstrom in SAN JOSE zone.
10:28 of 1st period - Icing by Nicklas Backstrom.
10:29 of 1st period - Johnathan Gaudreau wins face-off versus Martin Hanzal in FLORIDA zone.
10:59 of 1st period - Icing by Johnathan Gaudreau.
11:00 of 1st period - Derek Stepan wins face-off versus Martin Hanzal in FLORIDA zone.
11:00 of 1st period - Derek Stepan is hit by Martin Hanzal.
11:13 of 1st period - Icing by Kyle Quincey.
11:14 of 1st period - Martin Hanzal wins face-off versus Linden Vey in SAN JOSE zone.
11:27 of 1st period - Shot by Martin Hanzal.
11:27 of 1st period - Shot Blocked by Martin Marincin.
11:29 of 1st period - Shot by Darren Helm.
11:29 of 1st period - Deflect By Kevin Hayes.
11:29 of 1st period - Shot Blocked by Martin Marincin.
11:31 of 1st period - Shot by Kevin Hayes.
11:31 of 1st period - Goal by Kevin Hayes - SAN JOSE : 1 - FLORIDA : 0.
11:32 of 1st period - Paul Stastny wins face-off versus Mike Fisher in neutral zone.
11:48 of 1st period - Minor Penalty to Kris Letang for Hooking.
11:49 of 1st period - Martin Hanzal wins face-off versus Nicklas Backstrom in FLORIDA zone.
11:51 of 1st period - Darren Helm is hit by Martin Marincin and loses puck.
12:12 of 1st period - Shot by Martin Hanzal.
12:12 of 1st period - Shot Misses the Net.
12:48 of 1st period - Shot by Mike Fisher.
12:48 of 1st period - Stopped by Craig Anderson with a rebound.
12:50 of 1st period - Shot by Alexei Emelin.
12:50 of 1st period - Deflect By Chris Kreider.
12:50 of 1st period - Stopped by Craig Anderson without a rebound.
12:51 of 1st period - Nicklas Backstrom wins face-off versus Mike Fisher in FLORIDA zone.
13:02 of 1st period - Shot by Corey Perry.
13:02 of 1st period - Stopped by Craig Anderson without a rebound.
13:03 of 1st period - Mike Fisher wins face-off versus Nicklas Backstrom in FLORIDA zone.
13:36 of 1st period - Shot by Cody Ceci.
13:36 of 1st period - Shot Blocked by Duncan Keith.
14:12 of 1st period - Shot by Brandon Pirri.
14:12 of 1st period - Shot Misses the Net.
14:22 of 1st period - Shot by Brett Pesce.
14:22 of 1st period - Stopped by Jake Allen without a rebound.
14:23 of 1st period - Jordan Staal wins face-off versus Paul Stastny in SAN JOSE zone.
14:23 of 1st period - Jordan Staal is hit by Paul Stastny.
15:27 of 1st period - Off-side.
15:28 of 1st period - Mike Fisher wins face-off versus Nicklas Backstrom in neutral zone.
15:40 of 1st period - Icing by Cody Ceci.
15:41 of 1st period - Adam Henrique wins face-off versus Mike Fisher in SAN JOSE zone.
15:51 of 1st period - Shot by Marian Hossa.
15:51 of 1st period - Stopped by Jake Allen without a rebound.
15:52 of 1st period - Martin Hanzal wins face-off versus Nicklas Backstrom in SAN JOSE zone.
16:02 of 1st period - Kevin Hayes is hit by Nicklas Backstrom and loses puck.
16:21 of 1st period - Keith Yandle is hit by Martin Marincin and loses puck.
16:36 of 1st period - Shot by Blake Wheeler.
16:36 of 1st period - Stopped by Jake Allen without a rebound.
16:37 of 1st period - Mike Fisher wins face-off versus Adam Henrique in SAN JOSE zone.
16:37 of 1st period - Mike Fisher is hit by Adam Henrique.
16:42 of 1st period - Alexei Emelin is hit by Adam Henrique and loses puck.
17:38 of 1st period - Brett Pesce is hit by Mike Fisher and loses puck.
17:53 of 1st period - Shot by Paul Stastny.
17:53 of 1st period - Shot Misses the Net.
18:14 of 1st period - Icing by Alec Martinez.
18:15 of 1st period - Paul Stastny wins face-off versus Martin Hanzal in FLORIDA zone.
18:58 of 1st period - Shot by Nicklas Backstrom.
18:58 of 1st period - Stopped by Jake Allen without a rebound.
18:59 of 1st period - Brandon Dubinsky wins face-off versus Adam Henrique in SAN JOSE zone.
19:33 of 1st period - Adam Henrique is hit by Cody Franson.
19:37 of 1st period - Shot by Johnathan Gaudreau.
19:37 of 1st period - Deflect By Adam Henrique.
19:37 of 1st period - Shot Misses the Net.
19:39 of 1st period - Shot by Marian Hossa.
19:39 of 1st period - Deflect By Johnathan Gaudreau.
19:39 of 1st period - Stopped by Jake Allen without a rebound.
19:40 of 1st period - Jordan Staal wins face-off versus Nicklas Backstrom in SAN JOSE zone.
19:40 of 1st period - Jordan Staal is hit by Blake Wheeler.
Goals for this period are 1 for SAN JOSE vs 0 for FLORIDA.
Shots for this period are 5 for SAN JOSE vs 11 for FLORIDA.

2nd period


0:01 of 2nd period - Nicklas Backstrom wins face-off versus Mike Fisher in neutral zone.
0:48 of 2nd period - Shot by Patrik Laine.
0:48 of 2nd period - Shot Misses the Net.
1:18 of 2nd period - Darren Helm is hit by Alec Martinez and loses puck.
1:41 of 2nd period - Shot by Darren Helm.
1:41 of 2nd period - Stopped by Craig Anderson without a rebound.
1:42 of 2nd period - Paul Stastny wins face-off versus Jordan Staal in FLORIDA zone.
1:56 of 2nd period - Icing by Cody Franson.
1:57 of 2nd period - Jordan Staal wins face-off versus Nicklas Backstrom in SAN JOSE zone.
1:57 of 2nd period - Jordan Staal is hit by Blake Wheeler.
2:15 of 2nd period - Shot by Nicklas Backstrom.
2:15 of 2nd period - Stopped by Jake Allen without a rebound.
2:16 of 2nd period - Martin Hanzal wins face-off versus Paul Stastny in SAN JOSE zone.
2:48 of 2nd period - Icing by Martin Marincin.
2:49 of 2nd period - Paul Stastny wins face-off versus Mike Fisher in FLORIDA zone.
2:49 of 2nd period - Paul Stastny is hit by Chris Kreider.
3:25 of 2nd period - Shot by Nicklas Backstrom.
3:25 of 2nd period - Stopped by Jake Allen with a rebound.
4:14 of 2nd period - Icing by Cody Ceci.
4:15 of 2nd period - Johnathan Gaudreau wins face-off versus Mike Fisher in SAN JOSE zone.
4:22 of 2nd period - Shot by Johnathan Gaudreau.
4:22 of 2nd period - Shot Misses the Net.
4:24 of 2nd period - Shot by Adam Henrique.
4:24 of 2nd period - Stopped by Jake Allen without a rebound.
4:25 of 2nd period - Adam Henrique wins face-off versus Martin Hanzal in SAN JOSE zone.
4:25 of 2nd period - Adam Henrique is hit by Keith Yandle.
4:36 of 2nd period - Minor Penalty to David Savard for Holding Stick.
4:37 of 2nd period - Martin Hanzal wins face-off versus Paul Stastny in SAN JOSE zone.
4:58 of 2nd period - Shot by Adam Henrique.
4:58 of 2nd period - Shot Misses the Net.
5:00 of 2nd period - Shot by Paul Stastny.
5:00 of 2nd period - Shot Hit the Post.
5:34 of 2nd period - Shot by Kris Letang.
5:34 of 2nd period - Shot Blocked by Jesper Fast.
5:36 of 2nd period - Shot by Kris Letang.
5:36 of 2nd period - Shot Blocked by Jesper Fast.
5:38 of 2nd period - Shot by Marian Hossa.
5:38 of 2nd period - Stopped by Jake Allen without a rebound.
5:39 of 2nd period - Nicklas Backstrom wins face-off versus Mike Fisher in SAN JOSE zone.
5:46 of 2nd period - Shot by Marian Hossa.
5:46 of 2nd period - Stopped by Jake Allen without a rebound.
5:47 of 2nd period - Mike Fisher wins face-off versus Nicklas Backstrom in SAN JOSE zone.
6:06 of 2nd period - Shot by Kris Letang.
6:06 of 2nd period - Stopped by Jake Allen without a rebound.
6:07 of 2nd period - Martin Hanzal wins face-off versus Derek Stepan in SAN JOSE zone.
6:31 of 2nd period - Shot by Duncan Keith.
6:31 of 2nd period - Shot Misses the Net.
6:36 of 2nd period - Adam Henrique is hit by Cody Franson and loses puck.
6:41 of 2nd period - Shot by Cedric Paquette.
6:41 of 2nd period - Shot Misses the Net.
6:43 of 2nd period - Shot by Brett Pesce.
6:43 of 2nd period - Stopped by Jake Allen without a rebound.
6:44 of 2nd period - Brandon Pirri wins face-off versus Martin Hanzal in SAN JOSE zone.
7:59 of 2nd period - Shot by Patrik Laine.
7:59 of 2nd period - Shot Misses the Net.
8:03 of 2nd period - Shot by Nicklas Backstrom.
8:03 of 2nd period - Goal by Nicklas Backstrom - SAN JOSE : 1 - FLORIDA : 1.
8:04 of 2nd period - Adam Henrique wins face-off versus Mike Fisher in neutral zone.
8:24 of 2nd period - Minor Penalty to Adam Henrique for Hooking.
8:25 of 2nd period - Paul Stastny wins face-off versus Martin Hanzal in FLORIDA zone.
9:35 of 2nd period - Shot by Alexei Emelin.
9:35 of 2nd period - Stopped by Craig Anderson without a rebound.
9:36 of 2nd period - Mike Fisher wins face-off versus Paul Stastny in FLORIDA zone.
9:51 of 2nd period - Shot by Mike Fisher.
9:51 of 2nd period - Shot Blocked by Duncan Keith.
9:53 of 2nd period - Shot by Cody Ceci.
9:53 of 2nd period - Stopped by Craig Anderson with a rebound.
12:27 of 2nd period - Shot by Patrik Laine.
12:27 of 2nd period - Deflect By Blake Wheeler.
12:27 of 2nd period - Shot Misses the Net.
12:46 of 2nd period - Shot by Mike Fisher.
12:46 of 2nd period - Deflect By Chris Kreider.
12:46 of 2nd period - Shot Misses the Net.
12:56 of 2nd period - Shot by Corey Perry.
12:56 of 2nd period - Shot Misses the Net.
13:05 of 2nd period - Icing by Blake Wheeler.
13:06 of 2nd period - Nicklas Backstrom wins face-off versus Martin Hanzal in FLORIDA zone.
13:27 of 2nd period - Shot by Darren Helm.
13:27 of 2nd period - Shot Misses the Net.
13:29 of 2nd period - Shot by Martin Hanzal.
13:29 of 2nd period - Shot Hit the Post.
13:31 of 2nd period - Shot by Kevin Hayes.
13:31 of 2nd period - Shot Blocked by Blake Wheeler.
13:33 of 2nd period - Shot by Kevin Hayes.
13:33 of 2nd period - Stopped by Craig Anderson without a rebound.
13:34 of 2nd period - Jordan Staal wins face-off versus Paul Stastny in FLORIDA zone.
14:35 of 2nd period - Off-side.
14:36 of 2nd period - Linden Vey wins face-off versus Mike Fisher in neutral zone.
14:44 of 2nd period - Minor Penalty to Cedric Paquette for Hooking.
14:45 of 2nd period - Nicklas Backstrom wins face-off versus Chris Kreider in FLORIDA zone.
14:55 of 2nd period - Icing by Cody Ceci.
14:56 of 2nd period - Paul Stastny wins face-off versus Mike Fisher in SAN JOSE zone.
15:15 of 2nd period - Shot by Chris Kreider.
15:15 of 2nd period - Stopped by Craig Anderson without a rebound.
15:16 of 2nd period - Nicklas Backstrom wins face-off versus Martin Hanzal in FLORIDA zone.
15:16 of 2nd period - Nicklas Backstrom is hit by Kevin Hayes.
15:37 of 2nd period - Icing by Keith Yandle.
15:38 of 2nd period - Kevin Hayes wins face-off versus Nicklas Backstrom in SAN JOSE zone.
15:53 of 2nd period - Shot by David Savard.
15:53 of 2nd period - Stopped by Craig Anderson with a rebound.
16:09 of 2nd period - Shot by Kevin Hayes.
16:09 of 2nd period - Deflect By Darren Helm.
16:09 of 2nd period - Shot Misses the Net.
16:11 of 2nd period - Shot by David Savard.
16:11 of 2nd period - Shot Misses the Net.
16:28 of 2nd period - Off-side.
16:29 of 2nd period - Mike Fisher wins face-off versus Paul Stastny in neutral zone.
16:32 of 2nd period - Alec Martinez is hit by Mike Fisher and loses puck.
17:15 of 2nd period - Shot by Jesper Fast.
17:15 of 2nd period - Stopped by Craig Anderson without a rebound.
17:16 of 2nd period - Nicklas Backstrom wins face-off versus Chris Kreider in FLORIDA zone.
17:55 of 2nd period - Shot by Chris Kreider.
17:55 of 2nd period - Stopped by Craig Anderson without a rebound.
17:56 of 2nd period - Adam Henrique wins face-off versus Martin Hanzal in FLORIDA zone.
18:13 of 2nd period - Shot by Adam Henrique.
18:13 of 2nd period - Shot Misses the Net.
18:25 of 2nd period - Shot by Adam Henrique.
18:25 of 2nd period - Shot Misses the Net.
Goals for this period are 0 for SAN JOSE vs 1 for FLORIDA.
Shots for this period are 8 for SAN JOSE vs 8 for FLORIDA.

3rd period


0:01 of 3rd period - Mike Fisher wins face-off versus Nicklas Backstrom in neutral zone.
0:34 of 3rd period - Shot by Nicklas Backstrom.
0:34 of 3rd period - Stopped by Jake Allen without a rebound.
0:35 of 3rd period - Adam Henrique wins face-off versus Martin Hanzal in SAN JOSE zone.
0:44 of 3rd period - Shot by Johnathan Gaudreau.
0:44 of 3rd period - Deflect By Marian Hossa.
0:44 of 3rd period - Shot Blocked by Cody Ceci.
0:46 of 3rd period - Shot by Marian Hossa.
0:46 of 3rd period - Stopped by Jake Allen without a rebound.
0:47 of 3rd period - Jordan Staal wins face-off versus Paul Stastny in SAN JOSE zone.
0:49 of 3rd period - Jesper Fast is hit by Paul Stastny and loses puck.
1:00 of 3rd period - Shot by Jussi Jokinen.
1:00 of 3rd period - Stopped by Craig Anderson without a rebound.
1:01 of 3rd period - Mike Fisher wins face-off versus Nicklas Backstrom in FLORIDA zone.
1:21 of 3rd period - David Savard is hit by Kris Letang and loses puck.
1:42 of 3rd period - Duncan Keith is hit by Chris Kreider.
1:43 of 3rd period - Icing by Duncan Keith.
1:44 of 3rd period - Nicklas Backstrom wins face-off versus Kevin Hayes in FLORIDA zone.
1:58 of 3rd period - Blake Wheeler is hit by Alexei Emelin and loses puck.
2:11 of 3rd period - Shot by Kevin Hayes.
2:11 of 3rd period - Shot Misses the Net.
2:18 of 3rd period - Icing by Brett Pesce.
2:19 of 3rd period - Marian Hossa wins face-off versus Jordan Staal in FLORIDA zone.
2:51 of 3rd period - Johnathan Gaudreau is hit by Kyle Quincey and loses puck.
3:05 of 3rd period - Jussi Jokinen is hit by Brett Pesce and loses puck.
3:46 of 3rd period - Shot by Chris Kreider.
3:46 of 3rd period - Shot Misses the Net.
4:13 of 3rd period - Minor Penalty to Martin Hanzal for Roughing.
4:14 of 3rd period - Mike Fisher wins face-off versus Nicklas Backstrom in SAN JOSE zone.
4:23 of 3rd period - Cody Ceci is hit by Patrik Laine and loses puck.
4:43 of 3rd period - Icing by Nicklas Backstrom.
4:44 of 3rd period - Jesper Fast wins face-off versus Nicklas Backstrom in FLORIDA zone.
4:55 of 3rd period - Shot by Blake Wheeler.
4:55 of 3rd period - Stopped by Jake Allen without a rebound.
4:56 of 3rd period - Paul Stastny wins face-off versus Jesper Fast in SAN JOSE zone.
5:05 of 3rd period - Shot by Duncan Keith.
5:05 of 3rd period - Shot Misses the Net.
5:25 of 3rd period - Shot by Brandon Pirri.
5:25 of 3rd period - Shot Misses the Net.
6:16 of 3rd period - Shot by Linden Vey.
6:16 of 3rd period - Stopped by Jake Allen without a rebound.
6:17 of 3rd period - Martin Hanzal wins face-off versus Paul Stastny in SAN JOSE zone.
6:27 of 3rd period - Shot by Derek Stepan.
6:27 of 3rd period - Shot Hit the Post.
7:20 of 3rd period - Shot by Alec Martinez.
7:20 of 3rd period - Stopped by Jake Allen with a rebound.
7:33 of 3rd period - Icing by Cedric Paquette.
7:34 of 3rd period - Mike Fisher wins face-off versus Linden Vey in FLORIDA zone.
8:17 of 3rd period - Shot by Nicklas Backstrom.
8:17 of 3rd period - Shot Misses the Net.
8:19 of 3rd period - Shot by Patrik Laine.
8:19 of 3rd period - Stopped by Jake Allen with a rebound.
8:21 of 3rd period - Shot by Blake Wheeler.
8:21 of 3rd period - Goal by Blake Wheeler - SAN JOSE : 1 - FLORIDA : 2.
8:22 of 3rd period - Paul Stastny wins face-off versus Jordan Staal in neutral zone.
8:36 of 3rd period - Icing by Keith Yandle.
8:37 of 3rd period - Jordan Staal wins face-off versus Nicklas Backstrom in SAN JOSE zone.
8:57 of 3rd period - Shot by Nicklas Backstrom.
8:57 of 3rd period - Deflect By Patrik Laine.
8:57 of 3rd period - Stopped by Jake Allen without a rebound.
8:58 of 3rd period - Paul Stastny wins face-off versus Martin Hanzal in SAN JOSE zone.
9:01 of 3rd period - Shot by Paul Stastny.
9:01 of 3rd period - Stopped by Jake Allen without a rebound.
9:02 of 3rd period - Patrik Laine wins face-off versus Chris Kreider in SAN JOSE zone.
10:26 of 3rd period - Kevin Hayes is hit by Alec Martinez and loses puck.
10:35 of 3rd period - Shot by Martin Hanzal.
10:35 of 3rd period - Stopped by Craig Anderson without a rebound.
10:36 of 3rd period - Adam Henrique wins face-off versus Jordan Staal in FLORIDA zone.
11:06 of 3rd period - Shot by Jordan Staal.
11:06 of 3rd period - Stopped by Craig Anderson without a rebound.
11:07 of 3rd period - Brandon Dubinsky wins face-off versus Paul Stastny in FLORIDA zone.
11:07 of 3rd period - Brandon Dubinsky is hit by Alec Martinez.
11:29 of 3rd period - Shot by Paul Stastny.
11:29 of 3rd period - Shot Misses the Net.
11:33 of 3rd period - Shot by Paul Stastny.
11:33 of 3rd period - Shot Misses the Net.
11:35 of 3rd period - Shot by Alec Martinez.
11:35 of 3rd period - Stopped by Jake Allen without a rebound.
11:36 of 3rd period - Mike Fisher wins face-off versus Adam Henrique in SAN JOSE zone.
11:43 of 3rd period - Shot by Corey Perry.
11:43 of 3rd period - Stopped by Craig Anderson without a rebound.
11:44 of 3rd period - Nicklas Backstrom wins face-off versus Chris Kreider in FLORIDA zone.
12:19 of 3rd period - Shot by Kris Letang.
12:19 of 3rd period - Shot Blocked by David Savard.
13:01 of 3rd period - Shot by Kevin Hayes.
13:01 of 3rd period - Shot Misses the Net.
13:03 of 3rd period - Shot by Martin Hanzal.
13:03 of 3rd period - Stopped by Craig Anderson with a rebound.
13:55 of 3rd period - Shot by Jordan Staal.
13:55 of 3rd period - Stopped by Craig Anderson without a rebound.
13:56 of 3rd period - Linden Vey wins face-off versus Brandon Dubinsky in FLORIDA zone.
14:11 of 3rd period - Devante Smith-Pelly is hit by Kris Letang and loses puck.
14:28 of 3rd period - Shot by Brandon Pirri.
14:28 of 3rd period - Deflect By Linden Vey.
14:28 of 3rd period - Shot Misses the Net.
14:43 of 3rd period - Off-side.
14:44 of 3rd period - Mike Fisher wins face-off versus Nicklas Backstrom in neutral zone.
14:44 of 3rd period - Mike Fisher is hit by Blake Wheeler.
15:00 of 3rd period - Shot by Chris Kreider.
15:00 of 3rd period - Shot Blocked by Brett Pesce.
15:08 of 3rd period - Cody Franson is hit by Blake Wheeler.
15:23 of 3rd period - Icing by Blake Wheeler.
15:24 of 3rd period - Nicklas Backstrom wins face-off versus Martin Hanzal in FLORIDA zone.
15:24 of 3rd period - Minor Penalty to Martin Hanzal for Slashing.
15:25 of 3rd period - Paul Stastny wins face-off versus Mike Fisher in SAN JOSE zone.
15:28 of 3rd period - Shot by Derek Stepan.
15:28 of 3rd period - Shot Misses the Net.
15:57 of 3rd period - Minor Penalty to Jordan Staal for Cross-checking.
15:58 of 3rd period - Nicklas Backstrom wins face-off versus Mike Fisher in SAN JOSE zone.
16:15 of 3rd period - Shot by Nicklas Backstrom.
16:15 of 3rd period - Shot Misses the Net.
17:21 of 3rd period - Shot by Paul Stastny.
17:21 of 3rd period - Deflect By Derek Stepan.
17:21 of 3rd period - Stopped by Jake Allen without a rebound.
17:22 of 3rd period - Paul Stastny wins face-off versus Jesper Fast in SAN JOSE zone.
18:23 of 3rd period - Shot by Kevin Hayes.
18:23 of 3rd period - Goal by Kevin Hayes - SAN JOSE : 2 - FLORIDA : 2.
18:24 of 3rd period - Jordan Staal wins face-off versus Nicklas Backstrom in neutral zone.
18:28 of 3rd period - Off-side.
18:29 of 3rd period - Nicklas Backstrom wins face-off versus Jordan Staal in neutral zone.
18:42 of 3rd period - Off-side.
18:43 of 3rd period - Martin Hanzal wins face-off versus Paul Stastny in neutral zone.
19:17 of 3rd period - Shot by Kris Versteeg.
19:17 of 3rd period - Shot Misses the Net.
Goals for this period are 1 for SAN JOSE vs 1 for FLORIDA.
Shots for this period are 7 for SAN JOSE vs 11 for FLORIDA.

Overtime #1


0:01 of 1st overtime period - Nicklas Backstrom wins face-off versus Mike Fisher in neutral zone.
0:12 of 1st overtime period - Shot by Nicklas Backstrom.
0:12 of 1st overtime period - Shot Misses the Net.
0:14 of 1st overtime period - Shot by Duncan Keith.
0:14 of 1st overtime period - Stopped by Jake Allen without a rebound.
0:15 of 1st overtime period - Mike Fisher wins face-off versus Nicklas Backstrom in SAN JOSE zone.
0:20 of 1st overtime period - Shot by Mike Fisher.
0:20 of 1st overtime period - Stopped by Craig Anderson without a rebound.
0:21 of 1st overtime period - Mike Fisher wins face-off versus Nicklas Backstrom in FLORIDA zone.
0:40 of 1st overtime period - Shot by David Savard.
0:40 of 1st overtime period - Shot Blocked by Duncan Keith.
1:33 of 1st overtime period - Icing by Cody Ceci.
1:34 of 1st overtime period - Martin Hanzal wins face-off versus Paul Stastny in SAN JOSE zone.
1:51 of 1st overtime period - Shot by Jordan Staal.
1:51 of 1st overtime period - Shot Misses the Net.
1:57 of 1st overtime period - Shot by Cody Ceci.
1:57 of 1st overtime period - Stopped by Craig Anderson without a rebound.
1:58 of 1st overtime period - Nicklas Backstrom wins face-off versus Mike Fisher in FLORIDA zone.
2:07 of 1st overtime period - Shot by Kris Letang.
2:07 of 1st overtime period - Stopped by Jake Allen without a rebound.
2:08 of 1st overtime period - Nicklas Backstrom wins face-off versus Mike Fisher in SAN JOSE zone.
2:30 of 1st overtime period - Shot by Nicklas Backstrom.
2:30 of 1st overtime period - Shot Misses the Net.
4:48 of 1st overtime period - Shot by Martin Hanzal.
4:48 of 1st overtime period - Shot Misses the Net.
Goals for this period are 0 for SAN JOSE vs 0 for FLORIDA.
Shots for this period are 2 for SAN JOSE vs 2 for FLORIDA.

ShootOut


5:00 of 1st overtime period - Penalty Shot by Mike Fisher for SAN JOSE.
5:00 of 1st overtime period - Goal by Mike Fisher.
5:00 of 1st overtime period - Penalty Shot by Patrik Laine for FLORIDA.
5:00 of 1st overtime period - Stopped by Jake Allen.
5:00 of 1st overtime period - Penalty Shot by Corey Perry for SAN JOSE.
5:00 of 1st overtime period - Shot Misses the Net.
5:00 of 1st overtime period - Penalty Shot by Kris Letang for FLORIDA.
5:00 of 1st overtime period - Shot Misses the Net.
5:00 of 1st overtime period - Penalty Shot by Martin Hanzal for SAN JOSE.
5:00 of 1st overtime period - Stopped by Craig Anderson.
5:00 of 1st overtime period - Penalty Shot by Johnathan Gaudreau for FLORIDA.
5:00 of 1st overtime period - Shot Misses the Net.